 Dungeon Crawl Stone Soup version 0.23.2 (webtiles) character file.

Game seed: 6750549178639389647

1293 Borgoz the Skirmisher (level 8, -1/67 HPs)
             Began as a Gargoyle Fighter on Apr 9, 2019.
             Slain by an orc warrior
             ... wielding a +0 glaive
              (5 damage)
             ... on level 6 of the Dungeon.
             The game lasted 00:11:55 (5026 turns).

Borgoz the Skirmisher (Gargoyle Fighter)            Turns: 5026, Time: 00:11:55

Health: -1/67      AC: 24    Str: 20    XL:     8   Next: 56%
Magic:  8/8        EV:  2    Int:  9    God:
Gold:   210        SH:  9    Dex: 11    Spells: 7/7 levels left

rFire    . . .     SeeInvis .   b - +0 dagger (drain)
rCold    + . .     Gourm    .   c - +0 shield
rNeg     + + +     Faith    .   (armour currently unavailable)
rPois    ∞         Spirit   .   (helmet currently unavailable)
rElec    .         Reflect  .   (cloak currently unavailable)
rCorr    .         Harm     .   (gloves currently unavailable)
MR       .....     NoTele   +   (boots currently unavailable)
Stlth    +++.......             (no amulet)
HPRegen  0.21/turn              v - ring of protection from cold
MPRegen  0.11/turn              (no ring)

@: tree-form
A: blurry vision 1, frail 1, negative energy resistance 1, petrification
resistance, rot immunity, AC +5
a: no special abilities


You were on level 6 of the Dungeon.
You were not hungry.
You were a tree.
You visited 2 branches of the dungeon, and saw 7 of its levels.

You collected 210 gold pieces.

Inventory:

Hand Weapons
 a - a +0 rapier
 b - a +0 dagger of draining (weapon)
Missiles
 d - 6 tomahawks (quivered)
 s - 3 tomahawks of dispersal
Armour
 c - a +0 shield (worn)
 k - a +0 scale mail (melded)
 l - a +0 pair of boots (melded)
 y - a +3 ring mail of cold resistance
Jewellery
 v - a ring of protection from cold (left branch)
Scrolls
 h - 5 scrolls of remove curse {unknown}
 i - 4 scrolls of amnesia {unknown}
 j - 4 scrolls of identify {unknown}
 n - 2 scrolls of random uselessness {unknown}
 q - a scroll of blinking
Potions
 m - a potion of resistance
 r - a potion of lignification
 u - 2 potions of berserk rage
Comestibles
 f - 7 rations
 x - 9 chunks of flesh


   Skills:
 + Level 5.5 Fighting
 + Level 4.0 Short Blades
 + Level 5.5 Armour
 * Level 4.6 Dodging
 + Level 4.6 Stealth
 - Level 3.4 Shields


You had 7 spell levels left.
You didn't know any spells.
Your spell library was empty.

Dungeon Overview and Level Annotations

Branches:
Dungeon (6/15)             Temple (1/1) D:4

Altars:
Cheibriados
Elyvilon
Fedhas
Gozag
Hepliaklqana
Kikubaaqudgha
Makhleb
Nemelex Xobeh
Okawaru
Qazlal
Ru
Sif Muna
Trog
Uskayaw
Vehumet
Wu Jian
Xom
Yredelemnul
Zin
The Shining One


Innate Abilities, Weirdness & Mutations

You are resistant to torment.
((Your stone body is resilient. (AC +5)))
You are immune to poison.
You resist negative energy. (rN+)
((You are resistant to electric shocks. (rElec)))
((You can survive without breathing.))
You are immune to petrification.
You are immune to rotting.
((You have sharp toenails.))
Scrolls take you a little longer to read.
You are frail. (-10% HP)


Message History

You begin reading the scroll.
You continue reading the scroll.
The orc warrior hits you from afar with a +0 glaive.
* * * LOW HITPOINT WARNING * * *
As you read the scroll labeled YFE ESIH NI CUOWN, it crumbles to dust.
It is a scroll of enchant armour.
Your +2 ring mail of cold resistance glows green for a moment.
You cannot move.
An orc warrior is nearby!
An orc warrior is nearby!
The orc warrior hits you but does no damage.
The orc warrior hits you from afar with a +0 glaive.
* * * LOW HITPOINT WARNING * * *
The orc warrior hits you but does no damage.
The orc warrior hits you but does no damage.
You block the orc warrior's attack.
The orc warrior hits you but does no damage.
The orc warrior hits you from afar with a +0 glaive.
* * * LOW HITPOINT WARNING * * *
The orc warrior hits you from afar with a +0 glaive.
You die...

#.# *,*********,* * #.#
*,#..,,,,,*,*
**#######.##
*,#.#****,*,*
,,.........####
*,#.#****,#,*
**##.........(#
*,$.(,,*#.#,* *
#.####..##.#
**#.#*,....,* *
#.......##.# #.##..#.#**
*
#..####.##.#####o......#
#,,* #.##§§§♣§ooZ..!#**
*,,* #)##§#########.#
*,,* #.##.# *,*
**##..####.##.# *,*
,,........p...# *,*
,*###.##.#.##.# *,* ,*
*,*#p#)##.# *,*
,****,*#.#)##.# *,*
,,,,,,*#o#.##.# *,*


You could see an orc warrior (inner flame).

Vanquished Creatures
  Pikel (D:6)
  An orc warrior (D:6)
  A sky beast (D:5)
  An ogre (D:6)
  A centaur (D:5)
  A crimson imp (D:5)
  A bullfrog zombie (D:6)
  A jelly (D:4)
  A bullfrog skeleton (D:4)
  2 hounds
  An orc priest (D:3)
  An iguana (D:5)
  2 orc wizards (D:6)
  A hound skeleton (D:4)
  A worker ant zombie (D:6)
  5 adders
  A shadow imp (D:5)
  An adder zombie (D:5)
  2 adder skeletons (D:4)
  2 worms (D:3)
  3 dart slugs
  3 leopard geckos
  17 orcs
  6 giant cockroaches
  8 goblins
  5 hobgoblins
  3 jackals (D:3)
  12 kobolds
  5 quokkas
  5 bats
  6 frilled lizards
  A leopard gecko skeleton (D:4)
  4 rats
106 creatures vanquished.

Vanquished Creatures (others)
  A leopard gecko (D:6)
  4 orcs (D:6)
5 creatures vanquished.

Grand Total: 111 creatures vanquished

Notes
Turn   | Place    | Note
-------+----------+-------------------------------------------
     0 | D:1      | Borgoz the Gargoyle Fighter began the quest for the Orb.
     0 | D:1      | Reached XP level 1. HP: 14/14 MP: 1/1
   185 | D:1      | Reached XP level 2. HP: 10/19 MP: 2/2
   672 | D:1      | Reached XP level 3. HP: 23/23 MP: 3/3
   674 | D:1      | Reached skill level 1 in Stealth
   820 | D:2      | Reached skill level 1 in Dodging
  1113 | D:2      | Reached XP level 4. HP: 28/29 MP: 4/4
  1641 | D:3      | Found a snail-covered altar of Cheibriados.
  1671 | D:3      | Reached XP level 5. HP: 6/33 MP: 5/5
  2565 | D:4      | Reached XP level 6. HP: 38/38 MP: 6/6
  2892 | D:4      | Found a staircase to the Ecumenical Temple.
  3056 | Temple   | Entered the Ecumenical Temple
  3243 | D:5      | Entered Level 5 of the Dungeon
  3407 | D:5      | Found a sparkling altar of Nemelex Xobeh.
  3991 | D:5      | Noticed a sky beast
  4047 | D:5      | Killed a sky beast
  4047 | D:5      | Reached XP level 7. HP: 42/44 MP: 7/7
  4801 | D:6      | Reached skill level 5 in Fighting
  4801 | D:6      | Reached skill level 5 in Armour
  4891 | D:6      | Noticed Pikel
  4933 | D:6      | Killed Pikel
  4933 | D:6      | Reached XP level 8. HP: 42/50 MP: 8/8
  5001 | D:6      | Gained mutation: Scrolls take you a little longer to read.
                  | [potion of mutation]
  5001 | D:6      | Gained mutation: You are frail. (-10% HP) [potion of
                  | mutation]
  5001 | D:6      | Gained mutation: You have sharp toenails. [potion of
                  | mutation]
  5026 | D:6      | Slain by an orc warrior

Skill      XL: |  1  2  3  4  5  6  7  8 |
---------------+-------------------------+-----
Short Blades   | 2 3 4 |  4.0
Stealth        | 1 2 3 4 |  4.6
Dodging        | 1 2 3 4 |  4.6
Armour         | 4 5 |  5.5
Fighting       | 4 5 |  5.5
Shields        | |  3.4

Action                   |  1- 3 |  4- 6 |  7- 9 || total
-------------------------+-------+-------+-------++-------
Melee: Rapier            |   107 |       |    55 ||   162
       Dagger            |    35 |   400 |   205 ||   640
Throw: Tomahawk          |       |       |     1 ||     1
  Use: Potion            |       |     5 |     4 ||     9
       Scroll            |       |       |     5 ||     5
  Eat: Chunk             |       |     9 |     2 ||    11
       Ration            |       |       |     1 ||     1
Armor: Scale mail        |    64 |   166 |    94 ||   324
       Skin              |       |       |     9 ||     9
Dodge: Dodged            |    57 |   136 |    64 ||   257
Block: Shield            |    66 |   178 |    84 ||   328
